 Dungeon Crawl Stone Soup version 0.22.1-1-ga44c0e5 (webtiles) character file.

151 twiked the Chiller (level 5, -9/37 HPs)
             Began as a Merfolk Ice Elementalist on Oct 30, 2018.
             Mangled by a gnoll
             ... wielding a +0 halberd
              (13 damage)
             ... on level 3 of the Dungeon.
             The game lasted 00:13:09 (2717 turns).

twiked the Chiller (Merfolk Ice Elementalist)       Turns: 2717, Time: 00:13:09

Health: -9/37      AC:  9    Str:  8      XL:     5   Next: 33%
Magic:  0/10       EV: 13    Int: 13 (14) God:
Gold:   105        SH:  0    Dex: 14 (16) Spells: 4/10 levels left

rFire    + . .     SeeInvis .   t - -3 spear (curse)
rCold    . . .     Gourm    .   (no shield)
rNeg     + . .     Faith    .   q - +0 leather armour
rPois    .         Spirit   .   (no helmet)
rElec    .         Reflect  .   (no cloak)
rCorr    .         Harm     .   (no gloves)
MR       .....                  v - +0 pair of boots
Stlth    ++........             e - amulet of magic regeneration
HPRegen  0.12/turn              f - ring of positive energy
MPRegen  0.37/turn              p - ring of protection from fire

@: icy armour, very slightly contaminated
A: change form in water, swift swim, stealthy swim
a: no special abilities


You were on level 3 of the Dungeon.
You were very hungry.

You visited 1 branch of the dungeon, and saw 3 of its levels.

You collected 105 gold pieces.

Inventory:

Hand Weapons
 d - a +0 blowgun
 g - a +1 spear
 m - a +0 dagger
 n - a cursed -3 rapier
 t - a cursed -3 spear (weapon)
Missiles
 h - 15 poisoned needles
 k - 23 sling bullets
Armour
 a - a +0 robe
 q - a +0 leather armour (worn)
 u - a +0 leather armour
 v - a +0 pair of boots (worn)
Jewellery
 e - an amulet of magic regeneration (around neck)
 f - a ring of positive energy (left hand)
 p - a ring of protection from fire (right hand)
Scrolls
 b - 2 scrolls of random uselessness
 j - 3 scrolls of teleportation
 l - a scroll of identify
 s - a scroll of enchant weapon
Potions
 i - a potion of mutation
 o - a potion of curing {unknown}
Comestibles
 c - 5 rations


   Skills:
 + Level 1.0 Fighting
 + Level 0.5 Polearms
 + Level 3.3 Dodging
 + Level 2.5 Stealth
 + Level 3.4 Spellcasting
 + Level 1.0 Conjurations
 + Level 4.6 Ice Magic


You had 4 spell levels left.
You knew the following spells:

 Your Spells              Type           Power        Failure   Level  Hunger
a - Freeze                Ice            ##..         4%          1    #......
b - Throw Frost           Conj/Ice       #.....       16%         2    ##.....
c - Ozocubu's Armour      Chrm/Ice       #.......     36%         3    ###....

Your spell library contained the following spells:

 Spells                   Type           Power        Failure   Level  Hunger
 Throw Icicle             Conj/Ice       #.......     69%         4    #####..
 Summon Ice Beast         Ice/Summ       #.......     77%         4    #####..


Dungeon Overview and Level Annotations

Branches:
Dungeon (3/15)

Altars:
Elyvilon
Gozag


Message History

Press: ? - help, Dir - move target cursor, f/p - gnoll
Aim: a gnoll, wielding a halberd You reach to attack!
You closely miss the gnoll. The gnoll closely misses you.
Attack whom?
Press: ? - help, Dir - move target cursor, f/p - gnoll
Aim: a gnoll, wielding a halberd You reach to attack!
You closely miss the gnoll. The gnoll closely misses you.
Attack whom?
Press: ? - help, Dir - move target cursor, f/p - gnoll
Aim: a gnoll, wielding a halberd You reach to attack!
You completely miss the gnoll.
Casting: Throw Frost (safe; 16% risk of failure)
Confirm with . or Enter, or press ? or * to list all spells.
Aiming: Throw Frost (safe; 16% risk of failure)
Press: ? - help, Shift-Dir - straight line, f/p - gnoll
Aim: a gnoll, wielding a halberd The puff of frost hits the gnoll.
The gnoll is moderately wounded.
The gnoll hits you from afar with a halberd!
You die...

...# * ...# ****
...# **,,, ..##
*,,,* .## ****,*,*
## *,,,,*,* # *###
*,***,,* #########
########..###.**,,**
#....[..#
*#..@)g........**,**
........#
#..####.###...*,,,*
#....<..#####>#*
#..# ***,,,***
†.......##.)..#
##.## **,,*
.###.#####.######g.#
*,,* .#
#.#.....####.g.##
*,**
.###...######...###
**,* *
......#.......###
*****,,** **
..##.##.#######
*##.,,,,,,* **,


You could see a gnoll.

Vanquished Creatures
  Terence (D:2)
  5 adders
  2 gnolls (D:3)
  A worm (D:3)
  3 dart slugs
  A leopard gecko (D:2)
  5 giant cockroaches
  8 goblins
  10 hobgoblins
  A quokka (D:2)
  7 bats
  4 frilled lizards
  3 kobolds
  4 rats
55 creatures vanquished.

Notes
Turn   | Place    | Note
-------+----------+-------------------------------------------
     0 | D:1      | twiked the Merfolk Ice Elementalist began the quest for the
                  | Orb.
     0 | D:1      | Reached XP level 1. HP: 13/13 MP: 3/3
   234 | D:1      | Reached XP level 2. HP: 13/19 MP: 3/5
   432 | D:1      | Learned a level 2 spell: Throw Frost
   886 | D:2      | Noticed Terence
   965 | D:2      | Reached XP level 3. HP: 24/24 MP: 1/6
  1221 | D:2      | Reached skill level 4 in Ice Magic
  1558 | D:2      | Reached XP level 4. HP: 30/30 MP: 1/8
  1714 | D:2      | Found a white marble altar of Elyvilon.
  1888 | D:2      | Killed Terence
  1888 | D:2      | Reached skill level 1 in Conjurations
  2093 | D:2      | Learned a level 3 spell: Ozocubu's Armour
  2238 | D:3      | Reached XP level 5. HP: 30/36 MP: 2/9
  2259 | D:3      | Reached skill level 1 in Fighting
  2591 | D:3      | Found an opulent altar of Gozag.
  2717 | D:3      | Mangled by a gnoll

Skill      XL: |  1  2  3  4  5 |
---------------+----------------+-----
Dodging        | 3 |  3.3
Ice Magic      | 4 |  4.6
Conjurations   | 1 |  1.0
Spellcasting   | 3 |  3.4
Fighting       | 1 |  1.0
Polearms       | |  0.5
Stealth        | |  2.5

Action                   |  1- 3 |  4- 6 || total
-------------------------+-------+-------++-------
Melee: Unarmed           |     6 |       ||     6
       Spear             |    33 |    51 ||    84
 Cast: Freeze            |    40 |    30 ||    70
       Throw Frost       |    14 |    16 ||    30
       Ozocubu's Armour  |       |     4 ||     4
  Use: Scroll            |       |     7 ||     7
       Potion            |       |     4 ||     4
 Stab: Sleeping          |     1 |       ||     1
  Eat: Chunk             |     4 |     4 ||     8
Armor: Robe              |     8 |       ||     8
       Leather armour    |       |    33 ||    33
Dodge: Dodged            |    38 |    88 ||   126
